 Dungeon Crawl Stone Soup version 0.17-a0-1510-gb3fb22e (webtiles) character file.

105 badblocks the Shield-Bearer (level 5, -2/42 HPs)
             Began as a Formicid Fighter on July 11, 2015.
             Was an Initiate of Qazlal.
             Killed by nerve-wracking pain
             ... invoked by an orc priest
              (10 damage)
             ... on level 3 of the Dungeon.
             The game lasted 00:02:41 (1589 turns).

badblocks the Shield-Bearer (Formicid Fighter)      Turns: 1589, Time: 00:02:41

Health: -2/42      AC:  9    Str: 21    XL:     5   Next: 9%
Magic:  5/5        EV:  6    Int:  8    God:    Qazlal [......]
Gold:   121        SH: 10    Dex: 10    Spells: 0 memorised, 4 levels left

rFire  . . .     SeeInvis +     a - +0 war axe
rCold  . . .     Clarity  .     i - +0 chain mail
rNeg   . . .     SustAt   .     c - +1 shield
rPois  .         Gourm    .     (helmet unavailable)
rElec  .         Spirit   .     (no cloak)
rCorr  .         Warding  .     (no gloves)
rMut   .         Stasis   +     (no boots)
MR     .....                    (no amulet)
Stlth  ..........               (no ring)
                                (no ring)

@: not resistant to hostile enchantments, extremely unstealthy
A: permanent stasis, dig shafts and tunnels, four strong arms, antennae 3
a: Dig, Shaft Self, Renounce Religion


You were on level 3 of the Dungeon.
You worshipped Qazlal.
Qazlal was noncommittal.
You were not hungry.

You visited 1 branch of the dungeon, and saw 3 of its levels.

You collected 121 gold pieces.

Inventory:

Hand weapons
 a - a +0 war axe (weapon)
Armour
 c - a +1 shield (worn)
 i - a +0 chain mail (worn)
 j - a +1 leather armour of magic resistance
Scrolls
 b - a scroll of identify {unknown}
Potions
 d - 2 potions of might
 f - a potion of curing
 h - a potion of resistance {unknown}
 k - a potion of flight {unknown}
Comestibles
 e - 3 bread rations
 g - a beef jerky


   Skills:
 + Level 3.9 Fighting
 * Level 3.2 Axes
 + Level 4.1 Armour
 + Level 4.3 Shields


You had 4 spell levels left.
You didn't know any spells.

Dungeon Overview and Level Annotations

Branches:
Dungeon (3/15)

Altars:
Qazlal


Innate Abilities, Weirdness & Mutations

You are under a permanent stasis effect.
You can dig through walls and to a lower floor.
Your four strong arms can wield two-handed weapons with a shield.
You have a pair of large antennae on your head (SInv).


Message History

You closely miss the orc.
The orc is heavily wounded.
The orc hits you but does no damage.
The orc priest hits you but does no damage.
You block the orc's attack.
You closely miss the orc priest.
The orc priest is almost dead.
You closely miss the orc.
The orc is severely wounded.
You hit the orc.
You kill the orc!
Qazlal accepts your kill. You block the orc's attack.
The orc priest invokes the aid of Beogh against you.
Pain shoots through your body!
* * * LOW HITPOINT WARNING * * *
The orc closely misses you.
The orc priest mumbles some strange prayers to Beogh against you.
Pain shoots through your body!
You die...

....#######.#,*,*********,*,*,*
###########.#,#...,,,,,**,*,*,*
............#,#..#****,**,*,*,*
#############,#..# *,**,*,*,*
*,,,,,,,,,,,,,#..# *,**,*,*,*
*,,,,,,,,{,,**#..# *,**,*,*,*
#..#*******,* #..# *,**,*,*,*
#..##### *,* #o)# *,**,*,*,*
#..#...# *,* #o@# *,**,*,*,*
#..#...# #.###.(#*###,**,*,*,*
#..#...####......#...,,**,*,*,*
#..#.....#######(#.#####*,*,*,*
#..###...#..............,,,,*,*
#..###...#.##....##.####*,***,*
.....'...'.##.#.....# *,* *,*
######...####.#.##### *,* *,*
,,.(..........#.# *,***,*


You could see an orc priest and an orc.

Vanquished Creatures
  5 adders
  An ooze (D:1)
  A worm (D:2)
  4 orcs (D:3)
  2 giant cockroaches
  4 goblins
  9 hobgoblins
  4 jackals (D:2)
  5 kobolds
  8 bats
  3 giant newts (D:1)
  A quokka (D:3)
  6 rats
53 creatures vanquished.

Notes
Turn   | Place    | Note
--------------------------------------------------------------
     0 | D:1      | badblocks the Formicid Fighter began the quest for the Orb.
     0 | D:1      | Reached XP level 1. HP: 18/18 MP: 1/1
    33 | D:1      | Reached XP level 2. HP: 12/24 MP: 2/2
   409 | D:1      | Reached skill level 4 in Shields
   520 | D:1      | Reached XP level 3. HP: 27/29 MP: 3/3
   710 | D:2      | Found a stormy altar of Qazlal.
   721 | D:2      | Became a worshipper of Qazlal Stormbringer
   754 | D:2      | Reached XP level 4. HP: 37/37 MP: 4/4
  1484 | D:3      | Reached XP level 5. HP: 40/42 MP: 5/5
  1589 | D:3      | Killed from afar by an orc priest

Vault maps used:
D:1:      lightli_arrival_statue_moat
D:2:      lemuel_doored_altar
D:3:      first_bread

Action                   |  1- 3 |  4- 6 || total
-------------------------+-------+-------++-------
Melee: War axe           |    67 |    69 ||   136
  Use: Scroll            |       |     5 ||     5
       Potion            |       |     1 ||     1
  Eat: Chunk             |       |     2 ||     2
